Map: Shrines of Lizul

Players

Throwfordays - Winner!

  • Race: Protoss Protoss
  • League: Silver
  • Spawn Location: 9:00

Faust - Winner!

  • Race: Zerg Zerg
  • League: Diamond
  • Spawn Location: 6:00

Chuletaloca

  • Race: Terran Terran
  • League: Platinum
  • Spawn Location: 3:00

deki

  • Race: Protoss Protoss
  • League: Diamond
  • Spawn Location: 12:00

VOD

Have the link to the VOD?

Description

Time

  • Played on: Feb. 6, 2019, 5:55 p.m.
  • Length: 3:28
Show
View Real Time Build Order
Export as new Build Order

Throwfordays Protoss - Winner!

Build Orders:  

Get SALT Encoding   

  12  0:00  Probe  
  13  0:12  Probe  
  14  0:20  Pylon  
  14  0:24  Probe  
  15  0:38  Probe  
  16  0:47  Gateway  
  16  0:51  Probe  
  17  1:05  Pylon  
  17  1:13  Probe  
  18  1:25  Zealot, Probe  
  21  1:51  Zealot  
  23  2:05  Assimilator  
  23  2:17  Cybernetics Core  
  23  2:30  Assimilator  
  23  2:33  Probe  
  24  2:45  Probe  
  25  2:58  Probe  
  26  3:10  Probe  
  26  3:12  Nexus  
  27  3:15  Pylon  
  29  3:23  Assimilator  
Show
View Real Time Build Order
Export as new Build Order

Faust Zerg - Winner!

Build Orders: 1 Base Baneling Bust, Pool Only 

Get SALT Encoding   

  12  0:00  Drone  
  13  0:09  Drone  
  14  0:15  Extractor  
  14  0:16  Drone  
  15  0:23  Overlord  
  15  0:38  Extractor  
  15  0:41  Drone  
  15  0:45  Spawning Pool  
  15  0:47  Drone  
  15  0:54  Drone  
  15  0:56  Drone  
  17  1:06  Overlord  
  17  1:33  Zergling x4, Queen  
  17  1:39  Zergling x2  
  22  1:53  Zergling x2  
  23  1:54  Metabolic Boost  
  23  2:02  Baneling Nest  
  23  2:06  Zergling x2  
  23  2:26  Zergling x4  
  25  2:42  Zergling x6  
  27  2:53  Baneling  
  27  3:05  Zergling x4  
  27  3:06  Zergling x2  
Show
View Real Time Build Order
Export as new Build Order

Chuletaloca Terran 

Build Orders:  

Get SALT Encoding   

  12  0:01  SCV  
  13  0:13  SCV  
  14  0:19  Supply Depot  
  14  0:25  SCV  
  15  0:41  SCV, Barracks  
  16  0:46  Refinery  
  16  0:55  SCV  
  17  1:08  SCV  
  18  1:22  SCV  
  19  1:34  SCV  
  19  1:35  Reaper  
  21  1:41  Command Center  
  21  1:50  Orbital Command  
  21  2:10  Barracks Tech Lab  
  21  2:16  Supply Depot  
  21  2:59  Marauder  
  21  3:03  Factory  
  23  3:07  Barracks  
  23  3:09  Barracks  
Show
View Real Time Build Order
Export as new Build Order

deki Protoss 

Build Orders:  

Get SALT Encoding   

  12  0:00  Probe  
  13  0:12  Probe  
  14  0:19  Pylon  
  14  0:25  Probe  
  15  0:37  Probe  
  15  0:38  Pylon  
  16  0:44  Forge  
  16  0:52  Probe  
  17  1:04  Probe  
  18  1:15  Pylon  
  18  1:17  Pylon  
  19  1:20  Pylon  
  19  1:23  Pylon  
  18  1:33  Pylon  
  18  1:38  Photon Cannon  
  17  1:52  Gateway  
  17  1:57  Probe  
  17  1:59  Gateway  
  18  2:05  Assimilator  
  18  2:09  Probe  
  18  2:14  Gateway  
  19  2:21  Probe  
  19  2:41  Photon Cannon  
  19  2:44  Photon Cannon  
Tags
 
Add a new tag
Caveats
  • Supply blocks, unpowered buildings, or Contaminate may cause inaccurate times.
  • Supply counts are checked every 10 seconds.